 BcadrenCrawl: Boulder Brew version 0.04.2-15-ge27eb88979 (webtiles) character file.

Game seed: 669383752053256845, levelgen mode: deterministic

94 gruber the Chopper (level 4, -5/35 HPs) Hill Orc Demonspawn. Began on May 15, 2021. Slain by a sun demon (22 damage) ... summoned by the player character ... on level 2 of the Dungeon. The game lasted 00:02:01 (721 turns).

gruber the Chopper (Hill Orc Demonspawn)             Turns: 721, Time: 00:02:01

Health: -5/35      AC:  5    Str: 17    XL:     4 ^: 30
Magic:  6/6        EV: 12    Int: 12    God:
Gold:   29         SH:  0    Dex: 10    Spells: 4/5 levels left

rFire    . . .     Vision   +   a - +0 war axe
rCold    . . .     Gourm    .   c - +14 obsidian axe {chop, +Fly +Vis Soulbond}
rNeg     . . .     Faith    .   b - +0 leather armour
rPois    .         Spirit   .   (no helmet)
rElec    .         Reflect  .   (no cloak)
rCorr    .         Harm     .   (no gloves)
MR       .....                  (no boots)
Stlth    +.........             (no amulet)
HPRegen  0.21/turn              (no ring)
MPRegen  0.16/turn              (no ring)

@: mesmerised
A: molten scales 1, powered by pain 1
a: Evoke Flight


You were on level 2 of the Dungeon.
You were not hungry.

You visited 1 branch of the dungeon, and saw 2 of its levels.

You collected 29 gold pieces.

Inventory:

Weapons
 a - a +0 war axe (weapon)
 c - the +14 obsidian axe (weapon) {chop, +Fly +Vis Soulbond}
   (You acquired it on level 1 of the Dungeon)

   It inflicts extra damage upon your enemies.
   It improves your vision.
   It lets you fly.
   When equipped, it binds to the wielder's soul until they gain enough
   experience to unwield again.
Armour
 b - a +0 leather armour (worn)
Scrolls
 f - a scroll of bless item
 g - a scroll of magic mapping
 h - a scroll of blinking
Potions
 e - a potion of brilliance
Comestibles
 d - 3 rations


   Skills:
 - Level 1.2 Fighting
 + Level 5.8 Axes & Hammers
 - Level 2.4 Dodging
 - Level 1.5 Stealth
 - Level 1.0 Spellcasting
 - Level 2.1 Fire Magic
   Level 3.6 Invocations


You had 4 spell levels left.
You knew the following spells:

 Your Spells              Type           Power        Failure   Level  Hunger
a - Flame Tongue          Fire           5 (30)       14%         1    ##.....

Your spell library contained the following spells:

 Spells                   Type           Power        Failure   Level  Hunger
 Conjure Flame            Fire           5 (100)      38%         3    ####...
 Blink                    Tloc           N/A          45%         2    ###....
 Call Imp                 Summ           0 (100)      45%         2    ###....
 Slow                     Hex            0 (100)      45%         2    ###....
 Mephitic Cloud           Pois/Air       0 (100)      69%         3    ####...


Dungeon Overview and Level Annotations

Branches:
Dungeon (2/8)

Altars:


Innate Abilities, Weirdness & Mutations

You are partially covered in molten scales. (AC +2)
You sometimes gain a little power by taking damage.


Message History

The sewer rat closely misses you (0).
There are monsters nearby!
There are monsters nearby!
You closely miss the sewer rat. You slash the sewer rat (16)!
You are no longer entranced.
You kill the sewer rat!
Visions of slaying the sewer rat flood into your mind.
A sewer rat is nearby!
You barely miss the sewer rat. You slice the sewer rat (20)!!
You open a gate to Pandemonium!
A demon appears!
It doesn't seem very happy.
You are no longer entranced.
You kill the sewer rat!
Visions of slaying the sun demon flood into your mind.
You barely miss the sun demon. You slash the sun demon (9)!
The sun demon is moderately wounded. (46/58) HP The sun demon hits you (7)!
You are engulfed in flames (11)!
The sun demon hits you (22)!!
Ouch! That really hurt!
You die...

#≈≈≈≈.....≈≈≈≈≈≈≈≈≈≈
#≈≈≈..≈≈≈≈≈≈≈≈≈≈≈.≈≈≈
#P≈≈.≈≈≈≈≈≈≈≈≈≈≈...≈≈≈
#.P≈PPP≈≈≈≈≈≈≈≈≈≈≈...≈
#P.≈.≈≈....≈≈≈≈≈≈PP≈P.
#.....≈.≈≈.bP≈≈.....P.
#≈.≈###≈≈≈≈....≈#≈≈P.
##.####≈≈≈≈≈≈≈≈#..#
#≈..#...≈≈≈≈≈≈@>≈#
#...#...≈≈≈≈≈≈3.##
#≈.≈#≈..≈≈≈≈≈≈.≈#≈
#..##.#≈...≈PP..≈.
##..≈#.#.≈≈..P..≈#≈.
#...##.≈...≈P≈≈[###≈.≈
#.....≈..≈.P≈≈≈.#≈####
#........≈P≈≈≈≈≈.#
##.....#.≈≈≈≈≈≈≈#


You could see a sun demon.

Vanquished Creatures
  A giant cockroach (D:1)
  4 sewer rats (D:2)
  3 cinder newts (D:1)
  5 goblins (D:1)
  2 hobgoblins (D:1)
  2 bats (D:1)
  8 kobolds (D:1)
  3 rats (D:1)
  6 withered plants (D:2)
34 creatures vanquished.

Vanquished Creatures (others)
  7 withered plants (D:2)
7 creatures vanquished.

Grand Total: 41 creatures vanquished

Notes
Turn   | Place    | Note
-------+----------+-------------------------------------------
     0 | D:1      | gruber the Hill Orc Demonspawn began the quest for the Orb.
     0 | D:1      | Reached XP level 1. HP: 16/16 MP: 3/3
   139 | D:1      | Identified a scroll of acquirement
   139 | D:1      | Reached skill level 3 in Axes & Hammers
   169 | D:1      | Identified the +4 cloak "Nuaqya" {+Inv rN+ Int+3 Stlth-}
                  | (You acquired it on level 1 of the Dungeon)
   170 | D:1      | Found the +14 obsidian axe {chop, +Fly +Vis Soulbond}
   195 | D:1      | Gained mutation: You sometimes gain a little power by
                  | taking damage. [demonic ancestry]
   195 | D:1      | Reached XP level 2. HP: 16/23 MP: 4/4
   252 | D:1      | Reached skill level 4 in Axes & Hammers
   278 | D:1      | Gained mutation: You are partially covered in molten
                  | scales. (AC +2) [demonic ancestry]
   278 | D:1      | Reached XP level 3. HP: 28/28 MP: 5/5
   410 | D:1      | Reached skill level 5 in Axes & Hammers
   518 | D:1      | Reached XP level 4. HP: 35/35 MP: 6/6
   719 | D:2      | Noticed a sun demon
   721 | D:2      | Slain by a sun demon

Levels and vault maps discovered:
D:1:      dpeg_arrival_concentric_ovals, layout_loops_ring, first_ration
D:2:      layout_sewer, lemuel_crystal_altar,
          chequers_temple_overflow_statue_of_worship,
          bcadren_sewer_center_circle, minmay_lizard_king

Skill      XL: |  1  2  3 |
---------------+----------+-----
Axes & Hammers | 3 4 5 |  5.8
Fighting       | |  1.2
Dodging        | |  2.4
Stealth        | |  1.5
Spellcasting   | |  1.0
Fire Magic     | |  2.1
Invocations    | |  3.6

Action                   |  1- 3 |  4- 6 || total
-------------------------+-------+-------++-------
Melee: War axe           |    26 |     7 ||    33
       Broad axe         |     9 |     6 ||    15
  Use: Scroll            |     1 |       ||     1
Armor: Leather armour    |     5 |     2 ||     7
Dodge: Dodged            |    12 |     2 ||    14
